 Dungeon Crawl Stone Soup version 0.22-a0-877-g5c4e1afb51 (webtiles) character file.

6307 Htamos the Tainter (level 10, 0/92 HPs)
             Began as a Naga Venom Mage on July 29, 2018.
             Was an Initiate of Makhleb.
             Slain by a freezing wraith (4 damage)
             ... led by a death knight
             ... on level 8 of the Dungeon.
             The game lasted 00:31:36 (10789 turns).

Htamos the Tainter (Naga Venom Mage)               Turns: 10789, Time: 00:31:37

Health: 0/92       AC: 12    Str: 14 (16) XL:     10   Next: 95%
Magic:  8/19       EV:  8    Int: 18 (19) God:    Makhleb [......]
Gold:   186        SH:  0    Dex: 10 (11) Spells: 14/21 levels left

rFire    + . .     SeeInvis +   g - +7 hand axe
rCold    . . .     Gourm    .   (no shield)
rNeg     . . .     Faith    .   p - +4 ring mail {rF+}
rPois    +         Spirit   .   v - +0 helmet
rElec    .         Reflect  .   J - +0 cloak
rCorr    .         Harm     .   t - +0 pair of gloves
MR       +....                  (no barding)
Stlth    +.........             i - amulet of regeneration
HPRegen  0.65/turn              D - +4 ring of slaying
MPRegen  0.16/turn              O - +5 ring of strength

@: drained, very slow
A: large, see invisible, deformed body, poison resistance, slowness 2, slow
metabolism 1, spit poison 1, AC +3
a: Spit Poison, Renounce Religion


You were on level 8 of the Dungeon.
You worshipped Makhleb.
Makhleb was noncommittal.
You were not hungry.

You visited 2 branches of the dungeon, and saw 9 of its levels.

You collected 527 gold pieces.
You spent 341 gold pieces at shops.

Inventory:

Hand Weapons
 b - a +0 dagger
 d - a +0 hunting sling
 g - a +7 hand axe (weapon)
 m - a +0 great mace
 o - a +0 rapier of speed
 w - a +0 war axe
 M - a +0 battleaxe
 N - a +3 hand axe of freezing
 U - a +1 hunting sling of flaming
Missiles
 e - 6 poisoned tomahawks
 f - 105 arrows
 k - 154 stones (quivered)
 l - 80 sling bullets
 s - 5 tomahawks
 H - 5 throwing nets
 Q - 2 tomahawks of returning
Armour
 a - a +1 robe
 p - a +4 ring mail of fire resistance (worn)
 t - a +0 pair of gloves (worn)
 v - a +0 helmet (worn)
 J - a +0 cloak (worn)
 P - a +0 buckler
Jewellery
 i - an amulet of regeneration (around neck)
 z - a +2 ring of intelligence
 C - the ring of Adykk {*Drain rPois SInv Stlth-}
   (You found it on level 4 of the Dungeon)

   [ring of attention]

   It protects you from poison.
   It lets you see invisible.
   It causes draining when unequipped.
   It makes you less stealthy.
 D - a +4 ring of slaying (left hand)
 F - an uncursed ring of positive energy
 O - a +5 ring of strength (right hand)
 V - an uncursed amulet of magic regeneration {unknown}
Wands
 y - a wand of polymorph (5)
 E - a wand of flame (33)
Scrolls
 h - 5 scrolls of remove curse
 n - 2 scrolls of enchant armour
Potions
 q - a potion of resistance
 r - 2 potions of berserk rage
 u - a potion of heal wounds {unknown}
 x - a potion of haste
 A - a potion of cancellation {unknown}
 B - a potion of lignification {unknown}
 G - a potion of might {unknown}
 I - a potion of flight {unknown}
 K - a potion of mutation {unknown}
 R - a potion of magic
Comestibles
 c - 13 rations
 L - a chunk of flesh


   Skills:
 + Level 6.6(6.1) Fighting
 + Level 5.9(5.5) Throwing
 - Level 1.5(1.1) Dodging
 - Level 3.0(2.6) Stealth
 + Level 6.4(5.9) Spellcasting
 + Level 6.7(6.3) Conjurations
 * Level 12.2(11.7) Poison Magic


You had 14 spell levels left.
You knew the following spells:

 Your Spells              Type           Power        Failure   Level  Hunger
a - Sting                 Conj/Pois      ####         1%          1    None
b - Poisonous Vapours     Pois/Air       ####..       3%          2    None
c - Olgreb's Toxic Radia  Pois           #####...     1%          4    ####...

Your spell library contained the following spells:

 Spells                   Type           Power        Failure   Level  Hunger
 Mephitic Cloud           Conj/Pois/Air  ####....     6%          3    ##.....
 Venom Bolt               Conj/Pois      #####.....   17%         5    #####..


Dungeon Overview and Level Annotations

Branches:
Dungeon (8/15)             Temple (1/1) D:4
   Lair: D:8-11

Altars:
Ashenzari
Cheibriados
Dithmenos
Elyvilon
Fedhas
Gozag
Hepliaklqana
Kikubaaqudgha
Makhleb
Nemelex Xobeh
Okawaru
Qazlal
Ru
Sif Muna
Trog
Uskayaw
Vehumet
Xom
Yredelemnul
Zin
The Shining One

Shops:
D:6 [


Innate Abilities, Weirdness & Mutations

You cannot wear boots.
Your serpentine skin is tough. (AC +3)
You have supernaturally acute eyesight. (SInv)
Armour fits poorly on your strangely shaped body.
Your system is resistant to poisons. (rPois)
You cover ground very slowly.
You have a slow metabolism.
You can spit poison.


Message History

Okay, then.
Evoke which item? (* to show all) (? for menu, Esc to quit)
Aiming: Polymorph
Press: ? - help, Shift-Dir - straight line, f/p - freezing wraith
Aim: a freezing wraith (moderately damaged, chance to defeat MR: 28%)
The freezing wraith is unaffected.
The freezing wraith hits you!
* * * LOW HITPOINT WARNING * * *
The freezing wraith freezes you!!
* * * LOW HITPOINT WARNING * * *
The freezing wraith hits you but does no damage.
Unknown command.
It was a potion of degeneration.
There was something very wrong with that liquid.
You feel weakened.
You feel dopey.
You feel clumsy. The freezing wraith hits you.
* * * LOW HITPOINT WARNING * * *
The freezing wraith freezes you!
* * * LOW HITPOINT WARNING * * *
The freezing wraith hits you.
You die...

#......####.P.⌠.P.##
#.......#
.##........#.....##
#.......#
.####....#####.###
#.......#
..####.#..#.##.#
#.......#
#.........#....#
#####.#...#.####
#.#...#.#
#..>..#.######## ##
####........@W.# .#
#.......#####...(.. .#
#.####..#######....
<#####..##..........#...
.##....)............# .
.##....####.........#
......##.##.#.......#
##...#.#.#.##.......#
#..###.#.#.##......#


You could see a freezing wraith.

Vanquished Creatures
  Harold (D:7)
  A death knight (D:8)
  The ghost of Bergy the Basher, a novice CeHu of Dithmenos (D:7)
  Joseph (D:7)
  Prince Ribbit (D:7)
  A queen bee (D:7)
  A wraith (D:8)
  A hungry ghost (D:6)
  Menkaure (D:5)
  An orc warrior (D:7)
  An ice beast (D:6)
  5 sky beasts
  A phantom (D:6)
  2 centaurs
  3 bullfrogs
  A scorpion (D:7)
  8 wights
  13 killer bees
  3 crimson imps
  2 centaur zombies (D:5)
  2 jellies
  5 hounds
  2 orc priests (D:6)
  A bullfrog skeleton (D:6)
  A bullfrog zombie (D:7)
  2 iguanas
  3 orc wizards
  Ijyb (D:4)
  7 worker ants
  3 hound zombies
  2 worker ant zombies
  11 gnolls
  A howler monkey skeleton (D:5)
  10 adders
  3 shadow imps
  An adder zombie (D:7)
  An adder skeleton (D:8)
  5 worms
  2 dart slugs
  7 leopard geckos
  23 orcs
  3 ball pythons
  8 bats
  6 giant cockroaches
  7 goblins
  7 hobgoblins
  9 jackals
  5 kobolds
  A quokka (D:7)
  A frilled lizard (D:5)
  A quokka skeleton (D:8)
  6 rats
196 creatures vanquished.

Vanquished Creatures (others)
  A plant (D:8)
1 creature vanquished.

Grand Total: 197 creatures vanquished

Notes
Turn   | Place    | Note
-------+----------+-------------------------------------------
     0 | D:1      | Htamos the Naga Venom Mage began the quest for the Orb.
     0 | D:1      | Reached XP level 1. HP: 15/15 MP: 3/3
   251 | D:1      | Reached XP level 2. HP: 24/24 MP: 0/5
   259 | D:1      | Learned a level 2 spell: Poisonous Vapours
  1009 | D:1      | Reached XP level 3. HP: 30/30 MP: 3/6
  1066 | D:1      | Reached skill level 1 in Fighting
  1319 | D:2      | Found a sparkling altar of Nemelex Xobeh.
  1534 | D:2      | Reached skill level 1 in Throwing
  1893 | D:2      | Reached XP level 4. HP: 20/38 MP: 4/7
  2714 | D:3      | Found a faded altar of an unknown god.
  3776 | D:4      | Reached XP level 5. HP: 45/45 MP: 5/9
  3884 | D:4      | Got a transparent platinum ring
  4113 | D:4      | Noticed Ijyb
  4121 | D:4      | Killed Ijyb
  4121 | D:4      | Reached skill level 5 in Poison Magic
  4314 | D:4      | Found a bloodstained altar of Trog.
  4392 | D:4      | Found a staircase to the Ecumenical Temple.
  4400 | Temple   | Entered the Ecumenical Temple
  4537 | Temple   | Identified the ring of Adykk {*Drain rPois SInv Stlth-} (You found it on level 4 of the Dungeon)
  4677 | D:4      | Reached XP level 6. HP: 52/52 MP: 0/10
  4927 | D:4      | Learned a level 4 spell: Olgreb's Toxic Radiance
  4962 | D:5      | Entered Level 5 of the Dungeon
  5441 | D:5      | Reached XP level 7. HP: 54/61 MP: 10/12
  5505 | D:5      | Reached skill level 6 in Poison Magic
  5651 | D:5      | Noticed Menkaure
  5654 | D:5      | Killed Menkaure
  6626 | D:6      | Reached skill level 7 in Poison Magic
  6626 | D:6      | Reached XP level 8. HP: 69/69 MP: 4/13
  7099 | D:6      | Found Cumiwesh's Armour Shop.
  7102 | D:6      | Bought a +4 ring mail of fire resistance for 341 gold pieces
  7314 | D:6      | Reached skill level 8 in Poison Magic
  7898 | D:6      | Reached XP level 9. HP: 79/79 MP: 15/15
  7946 | D:7      | Reached skill level 9 in Poison Magic
  7955 | D:7      | Noticed Prince Ribbit
  7971 | D:7      | Killed Prince Ribbit
  8069 | D:7      | Reached skill level 5 in Conjurations
  8229 | D:7      | Reached skill level 5 in Spellcasting
  8402 | D:7      | Reached skill level 5 in Fighting
  8450 | D:7      | Found a runed gate.
  8450 | D:7      | Found a runed gate.
  8453 | D:7      | Found a runed gate.
  8455 | D:7      | Noticed Bergy's ghost (novice CeHu)
  8496 | D:7      | Killed Bergy's ghost
  8496 | D:7      | Reached skill level 10 in Poison Magic
  8881 | D:7      | Noticed Joseph
  8890 | D:7      | Killed Joseph
  8890 | D:7      | Reached skill level 5 in Throwing
  8890 | D:7      | Reached XP level 10. HP: 88/90 MP: 0/18
  9241 | D:8      | Noticed Harold
  9362 | D:7      | Reached skill level 11 in Poison Magic
  9487 | D:7      | Killed Harold
 10441 | D:8      | Noticed a death knight
 10453 | D:8      | Found a shadowy altar of Dithmenos.
 10454 | D:8      | Found an ancient bone altar of Kikubaaqudgha.
 10454 | D:8      | Found a burning altar of Makhleb.
 10473 | D:8      | Became a worshipper of Makhleb the Destroyer
 10485 | D:8      | Killed a death knight
 10485 | D:8      | Reached skill level 12 in Poison Magic
 10789 | D:8      | HP: 4/92 [freezing wraith[a death knight] (12)]
 10789 | D:8      | Slain by a freezing wraith

Vault maps used:
D:1:      nicolae_arrival_memento_mori
D:2:      lemuel_doored_altar
D:3:      first_ration, chequers_ecumenical_altar_island, dk_noncrumbling_4
D:4:      nicolae_overflow_hidden_temple, temple_statues, uniq_ijyb
D:5:      uniq_menkaure
D:6:      serial_shops, nicolae_shop_trees
D:7:      ebering_ghost_rock_garden, uniq_prince_ribbit1, uniq_joseph
D:8:      gammafunk_temple_overflow_forgotten, david_nohive_1, uniq_harold
Temple:   regret_index_temple_sphere_string

Skill      XL: |  1  2  3  4  5  6  7  8  9 10 |
---------------+-------------------------------+-----
Fighting       | 1 2 3 4 5 6 |  6.6
Throwing       | 1 2 3 4 5 |  5.9
Conjurations   | 2 3 4 5 6 |  6.7
Poison Magic   | 5 7 8 10 12 | 12.2
Spellcasting   | 3 4 5 6 |  6.4
Dodging        | |  1.5
Stealth        | |  3.0

Action                   |  1- 3 |  4- 6 |  7- 9 | 10-12 || total
-------------------------+-------+-------+-------+-------++-------
Melee: Dagger            |    52 |       |       |       ||    52
       Unarmed           |     1 |       |       |       ||     1
       Great mace        |     4 |    17 |       |       ||    21
       Hand axe          |       |    27 |   133 |   108 ||   268
       Rapier            |       |   138 |    37 |       ||   175
 Fire: Hunting sling     |       |       |       |    16 ||    16
 Cast: Sting             |    13 |    30 |     4 |     1 ||    48
       Poisonous Vapours |    25 |    38 |   108 |    64 ||   235
 Abil: Spit Poison       |     5 |     3 |       |       ||     8
Evoke: Wand              |       |     2 |    10 |     7 ||    19
  Use: Scroll            |     1 |     8 |     7 |     5 ||    21
       Potion            |       |     1 |     3 |     3 ||     7
 Stab: Sleeping          |       |     1 |     3 |       ||     4
  Eat: Chunk             |     4 |    12 |    11 |     1 ||    28
       Ration            |       |       |     1 |     1 ||     2
Armor: Robe              |    16 |    73 |    18 |       ||   107
       Ring mail         |       |       |    79 |   141 ||   220
Dodge: Dodged            |    41 |    75 |    99 |    95 ||   310

Table legend:
 A = Spawn XP
 B = Non-spawn XP
 C = Spawn XP percentage of total XP
 D = Spawn monster count
 E = Non-spawn monster count
 F = Spawn count percentage of total count
 G = Total turns spent on level
                    A         B        C        D         E        F      G
               +---------+---------+-------+---------+---------+-------+---------
         Total |       0 |    9010 |   0.0 |       0 |     196 |   0.0 | 10789
               +---------+---------+-------+---------+---------+-------+---------
           D:1 |       0 |      43 |   0.0 |       0 |      19 |   0.0 |  1241
           D:2 |       0 |      71 |   0.0 |       0 |      16 |   0.0 |  1300
           D:3 |       0 |      44 |   0.0 |       0 |      16 |   0.0 |  1179
           D:4 |       0 |     182 |   0.0 |       0 |      11 |   0.0 |  1096
           D:5 |       0 |     623 |   0.0 |       0 |      26 |   0.0 |  1432
           D:6 |       0 |    1451 |   0.0 |       0 |      38 |   0.0 |  1624
           D:7 |       0 |    4489 |   0.0 |       0 |      41 |   0.0 |  1862
           D:8 |       0 |    2107 |   0.0 |       0 |      29 |   0.0 |   909
               +---------+---------+-------+---------+---------+-------+---------
